 Dungeon Sprint DCSS version 0.31-a0-744-gbc345e7fcb (webtiles) character file.

Game seed: 15216329925265618444

17850 rocky1 the Wrestler (level 12, -1/120 HPs)
             Began as a Naga Shapeshifter on Sept 14, 2023.
             Was the Champion of Cheibriados.
             Killed by the air
             ... invoked by a spriggan air mage
              (20 damage)
             ... in the Dungeon (Sprint VII: "The Pits").
             The game lasted 00:08:34 (2800 turns).

rocky1 the Wrestler (Naga Shapeshifter)             Turns: 2800, Time: 00:08:35

Health: -1/120     AC: 12    Str: 35    XL:     12   Next: 52%
Magic:  1/19       EV: 16    Int: 25    God:    Cheibriados [******]
Gold:   48         SH:  0    Dex: 34    Spells: 11/11 levels left

rFire   . .          .
                       - Unarmed
rCold   . . .        (no shield)
rNeg    . . .        u - +4 scale mail
rPois   +            (helmet currently unavailable)
rElec   .            (cloak currently unavailable)
rCorr   .            (gloves currently unavailable)
SInv    +            (no barding)
Will    +....        (no amulet)
Stlth   ++++++       b - +3 ring of dexterity
HPRegen 0.40/turn    p - +3 ring of dexterity
MPRegen 0.16/turn

%: no teleportation
@: beast-form, very slow
A: beast (slay +4), AC +4, large, see invisible, deformed body, poison
resistance, slowness 2, spit poison 1, naga tail 1
a: Spit Poison, Begin Untransformation, Renounce Religion, Bend Time, Temporal
Distortion, Slouch, Step From Time


You were in the Dungeon.
You worshipped Cheibriados.
Cheibriados was exalted by your worship.
You were a hulking beast.
You visited 1 branch You collected 48 gold pieces.

Inventory:

Hand Weapons
 a - a +2 scimitar of holy wrath
 o - a +1 broad axe of freezing
Missiles
 v - 7 javelins
 w - 3 silver javelins
Armour
 s - a +0 pair of gloves
 t - a +0 helmet
 u - a +4 scale mail (worn)
Jewellery
 b - a +3 ring of dexterity (left hand)
 p - a +3 ring of dexterity (right hand)
Talismans
 c - a beast talisman (active)
 d - a flux talisman
Scrolls
 j - 4 scrolls of blinking
 l - 2 scrolls of vulnerability
 m - 5 scrolls of amnesia
 n - a scroll of butterflies
 A - a scroll of immolation
 C - 6 scrolls of enchant armour
 D - 4 scrolls of enchant weapon
 E - a scroll of fog
Potions
 e - 11 potions of curing
 f - 10 potions of heal wounds
 h - 3 potions of magic
 i - 3 potions of berserk rage
 k - 2 potions of invisibility
 q - 2 potions of might
 r - a potion of resistance
 z - a potion of lignification
 B - 3 potions of mutation
 F - 2 potions of brilliance


   Skills:
 - Level 11.6 Fighting
 - Level 6.3 Armour
 - Level 6.9 Dodging
 + Level 15.6 Stealth
 * Level 21.8 Unarmed Combat
 - Level 9.3 Invocations
 - Level 10.2 Shapeshifting


You had 11 spell levels left.
You didn't know any spells.
Your spell library was empty.

Dungeon Overview and Level Annotations

Branches:
Dungeon (1/1)

Altars:
Ashenzari
Cheibriados
Dithmenos
Elyvilon
Fedhas
Gozag
Hepliaklqana
Kikubaaqudgha
Makhleb
Nemelex Xobeh
Okawaru
Qazlal
Ru
Sif Muna
Trog
Uskayaw
Vehumet
Wu Jian
Xom
Yredelemnul
Zin
The Shining One
Jiyva
Lugonu


Innate Abilities, Weirdness & Mutations

You are a hulking beast.
Your limbs bulge with bestial killing power. (Slay +4)
Your serpentine skin is tough. (AC +4)
You have supernaturally acute eyesight. (SInv)
Armour fits poorly on your strangely shaped body.
Your system is resistant to poisons. (rPois)
You cover ground very slowly.
You can spit poison.
You have a snake-like lower body.


Message History

The frost giant freezes you.
You pummel the frost giant!!
The frost giant is almost dead.
You are engulfed in a cloud of scalding steam.
You punch the frost giant!
You kill the frost giant!
Cheibriados thoroughly appreciates the change of pace.
You are engulfed in a cloud of scalding steam.
The ghost moth stares at you. The ghost moth closely misses you. x2
The ghost moth stings you but does no damage.
Your Stealth skill increases to level 15!
You barely miss the ghost moth.
The ghost moth is moderately wounded.
The ghost moth closely misses you. The ghost moth hits you.
The ghost moth closely misses you. The sea snake bites you!
You pummel the ghost moth!!
The ghost moth is severely wounded.
The ghost moth stares at you. The ghost moth closely misses you.
The ghost moth barely misses you. The ghost moth stings you.
You feel weakened. The sea snake barely misses you.
You punch the ghost moth!
The ghost moth is almost dead.
The spriggan air mage waves its arms in wide circles.
The air twists around and strikes you!!
* * * LOW HITPOINT WARNING * * *
You punch the ghost moth!
You kill the ghost moth!
Cheibriados thoroughly appreciates the change of pace.
The sea snake bites you!
* * * LOW HITPOINT WARNING * * *
You feel your strength returning.
Unknown command.
You feel much better. The sea snake bites you!
* * * LOW HITPOINT WARNING * * *
The spriggan air mage waves its arms in wide circles.
The air twists around and strikes you!!
You die...

#..#....#..#
+..........#
+..........#
#..#....#..#
#..........+
#..........+
###''####''#
###''####''#########
#.†h...##.....†.....
#.#S##.##...........
#.#di .##..#########
# '3:# ##..# #.:+
#..# #++##########
+%:# #..#
........##..# ##+#
#..# .#......##..#
#..# ........''..#
#†)#


You could see a white draconian, a sea snake, a spriggan air mage (repels
missiles) and a smoke demon.

Vanquished Creatures
  A frost giant (D)
  A nagaraja (D)
  A ghost moth (D)
  A merfolk javelineer (D)
  Erolcha (D)
  A death knight (D)
  A boulder beetle (D)
  A demonic crawler (D)
  Urug (D)
  A fire crab (D)
  2 deep trolls (D)
  A sea snake (D)
  A spriggan druid (D)
  A lindwurm (D)
  A deep elf zephyrmancer (D)
  An orc knight (D)
  A deep elf pyromancer (D)
  A merfolk siren (D)
  2 elephants (D)
  A cane toad (D)
  A guardian serpent (D)
  2 efreet (D)
  Psyche (D)
  A freezing wraith (D)
  4 merfolk (D)
  2 tyrant leeches (D)
  A hellwing (D)
  A troll (D)
  A hornet (D)
  5 dream sheep (D)
  A ynoxinul (D)
  A wyvern (D)
  A neqoxec (D)
  A redback (D)
  2 floating eyes (D)
  A sky beast (D)
  3 black bears (D)
  An orc warrior (D)
  A phantom (D)
  Blork the orc (D)
  A bullfrog (D)
  A necrophage (D)
  A gnoll sergeant (D)
  2 scorpions (D)
  3 killer bees (D)
  A small abomination (D)
  A hound (D)
  A gnoll bouda (D)
  A mummy (D)
  7 gnolls (D)
  An adder (D)
  An adder zombie (D)
  4 orcs (D)
  An endoplasm (D)
  A giant cockroach (D)
  3 quokkas (D)
  A quokka zombie (D)
  2 rats (D)
87 creatures vanquished.

Vanquished Creatures (others)
  An adder simulacrum (D)
1 creature vanquished.

Grand Total: 88 creatures vanquished

Notes
Turn   | Place    | Note
-------+----------+-------------------------------------------
     0 | D        | rocky1 the Naga Shapeshifter began the quest for the Orb.
     0 | D        | Reached XP level 1. HP: 18/18 MP: 1/1
    24 | D        | Found a bloodstained altar of Trog.
    24 | D        | Found a shimmering blue altar of Sif Muna.
    24 | D        | Found a viscous altar of Jiyva.
    24 | D        | Found a hazy altar of Hepliaklqana.
    24 | D        | Found an opulent altar of Gozag.
    25 | D        | Found a glowing golden altar of the Shining One.
    25 | D        | Found a glowing silver altar of Zin.
    25 | D        | Found a basalt altar of Yredelemnul.
    25 | D        | Found a shimmering altar of Xom.
    25 | D        | Found an ornate altar of the Wu Jian Council.
    25 | D        | Found a sacrificial altar of Ru.
    25 | D        | Found a stormy altar of Qazlal.
    25 | D        | Found an iron altar of Okawaru.
    25 | D        | Found a sparkling altar of Nemelex Xobeh.
    25 | D        | Found a burning altar of Makhleb.
    25 | D        | Found a blossoming altar of Fedhas.
    25 | D        | Found a white marble altar of Elyvilon.
    25 | D        | Found a shadowy altar of Dithmenos.
    25 | D        | Found a snail-covered altar of Cheibriados.
    29 | D        | Found a corrupted altar of Lugonu.
    29 | D        | Found a radiant altar of Vehumet.
    30 | D        | Found a broken altar of Ashenzari.
    30 | D        | Found an ancient bone altar of Kikubaaqudgha.
    30 | D        | Found a hide-covered altar of Uskayaw.
    36 | D        | Became a worshipper of Cheibriados the Contemplative
    75 | D        | Noticed a floating eye
    79 | D        | Killed a floating eye
    80 | D        | Reached skill level 5 in Unarmed Combat
    80 | D        | Reached skill level 5 in Shapeshifting
    80 | D        | Reached XP level 2. HP: 27/27 MP: 1/3
    80 | D        | Reached XP level 3. HP: 33/33 MP: 1/4
    80 | D        | Reached XP level 4. HP: 40/40 MP: 1/5
   425 | D        | Reached * piety under Cheibriados
   527 | D        | Noticed a scorpion
   533 | D        | Killed a scorpion
   533 | D        | Reached ** piety under Cheibriados
   534 | D        | Reached skill level 6 in Unarmed Combat
   534 | D        | Reached XP level 5. HP: 41/49 MP: 5/7
   552 | D        | Noticed a floating eye
   558 | D        | Killed a floating eye
   559 | D        | Reached skill level 5 in Stealth
   559 | D        | Reached skill level 7 in Unarmed Combat
   559 | D        | Reached XP level 6. HP: 51/57 MP: 8/8
   562 | D        | Reached *** piety under Cheibriados
   702 | D        | Reached **** piety under Cheibriados
   709 | D        | Reached skill level 8 in Unarmed Combat
   711 | D        | Reached ***** piety under Cheibriados
   937 | D        | Reached skill level 1 in Armour
   937 | D        | Reached XP level 7. HP: 58/66 MP: 10/10
   965 | D        | Noticed a demonic crawler
   972 | D        | Killed a demonic crawler
   973 | D        | Reached skill level 9 in Unarmed Combat
   973 | D        | Reached skill level 5 in Invocations
   973 | D        | Reached XP level 8. HP: 78/78 MP: 10/12
  1058 | D        | Reached ****** piety under Cheibriados
  1097 | D        | Noticed a tyrant leech
  1097 | D        | Noticed a hellwing
  1103 | D        | Killed a hellwing
  1104 | D        | Reached skill level 10 in Unarmed Combat
  1106 | D        | Killed a tyrant leech
  1107 | D        | Reached skill level 10 in Shapeshifting
  1109 | D        | Reached XP level 9. HP: 83/86 MP: 13/13
  1294 | D        | Noticed an efreet
  1299 | D        | Noticed an elephant
  1299 | D        | Noticed a deep elf zephyrmancer
  1307 | D        | Killed an elephant
  1308 | D        | Reached skill level 5 in Dodging
  1308 | D        | Reached skill level 10 in Stealth
  1308 | D        | Reached skill level 11 in Unarmed Combat
  1311 | D        | Killed an efreet
  1314 | D        | Killed a deep elf zephyrmancer
  1316 | D        | Noticed Erolcha
  1318 | D        | Noticed a deep troll
  1323 | D        | Killed Erolcha
  1324 | D        | Reached skill level 5 in Armour
  1324 | D        | Reached skill level 12 in Unarmed Combat
  1324 | D        | Reached XP level 10. HP: 47/102 MP: 8/16
  1326 | D        | Killed a deep troll
  1327 | D        | Reached skill level 10 in Fighting
  1557 | D        | Noticed a sea snake
  1557 | D        | Noticed a deep elf pyromancer
  1562 | D        | Killed a sea snake
  1564 | D        | Killed a deep elf pyromancer
  1565 | D        | Reached skill level 13 in Unarmed Combat
  1871 | D        | Noticed a boulder beetle
  1875 | D        | Reached XP level 11. HP: 112/112 MP: 18/18
  1888 | D        | Killed a boulder beetle
  1889 | D        | Reached skill level 14 in Unarmed Combat
  1964 | D        | Noticed an orc knight
  1974 | D        | Killed an orc knight
  1975 | D        | Reached skill level 15 in Unarmed Combat
  2008 | D        | Noticed a nagaraja
  2012 | D        | Reached skill level 16 in Unarmed Combat
  2018 | D        | Killed a nagaraja
  2019 | D        | Reached skill level 17 in Unarmed Combat
  2256 | D        | Noticed Psyche
  2256 | D        | Noticed Blork the orc
  2256 | D        | Noticed a lindwurm
  2257 | D        | Noticed a merfolk javelineer
  2258 | D        | Noticed Urug
  2258 | D        | Noticed a deep troll
  2260 | D        | Killed Psyche
  2260 | D        | Killed a lindwurm
  2260 | D        | Killed Blork the orc
  2260 | D        | Killed a deep troll
  2261 | D        | Reached skill level 18 in Unarmed Combat
  2261 | D        | Killed a merfolk javelineer
  2262 | D        | Reached skill level 19 in Unarmed Combat
  2265 | D        | Noticed a death knight
  2267 | D        | Killed Urug
  2268 | D        | Reached skill level 20 in Unarmed Combat
  2268 | D        | Reached XP level 12. HP: 77/120 MP: 5/19
  2275 | D        | Killed a death knight
  2649 | D        | Reached skill level 21 in Unarmed Combat
  2786 | D        | Noticed a spriggan air mage
  2786 | D        | Noticed a frost giant
  2786 | D        | Noticed a white draconian
  2786 | D        | Noticed a ghost moth
  2795 | D        | Killed a frost giant
  2796 | D        | Reached skill level 15 in Stealth
  2799 | D        | Killed a ghost moth
  2800 | D        | Killed from afar by a spriggan air mage

Illustrated notes

Levels and vault maps discovered:
D:        pitsprint [storerooms_1, entrance_room_1, metal_vault_5, armoury_1,
          mini_pit_1, grid_room_1, main_hall_1, silver_pit, the_coven_1,
          the_vestibule_1, steel_vault_4, golden_pit, hallway_of_sentries,
          crystal_vault_1, iron_vault_1, final_vault]

Skill      XL: |  1  2  3  4  5  6  7  8  9 10 11 12 |
---------------+-------------------------------------+-----
Fighting       | 2 3 4 6 7 9 11 | 11.6
Dodging        | 2 3 4 5 6 |  6.9
Stealth        | 4 5 6 8 9 11 13 15 | 15.6
Unarmed Combat | 5 6 7 8 9 10 12 13 20 21 | 21.8
Invocations    | 2 3 4 5 6 8 9 |  9.3
Shapeshifting  | 5 6 7 8 9 10 | 10.2
Armour         | 1 2 3 5 6 |  6.3

Action                     |  1- 3 |  4- 6 |  7- 9 | 10-12 || total
---------------------------+-------+-------+-------+-------++-------
  Melee: Unarmed           |     9 |    36 |    40 |    85 ||   170
         Punch             |       |     2 |     3 |    11 ||    16
 Invoke: Slouch            |       |       |     2 |     5 ||     7
Ability: Spit Poison       |       |     2 |     1 |     1 ||     4
    Use: Potion            |       |       |     4 |     2 ||     6
   Stab: Sleeping          |       |     2 |     2 |     6 ||    10
         Invisible         |       |       |     2 |       ||     2
 Armour: Animal skin       |     2 |     9 |       |       ||    11
         Chain mail        |       |    12 |    16 |       ||    28
         Skin              |       |       |    20 |       ||    20
         Scale mail        |       |       |    21 |    70 ||    91
  Dodge: Dodged            |     3 |    16 |    33 |    46 ||    98

Table legend: (Time is in decaauts)
 A = Elapsed time spent in this place.
 B = Non-inter-level travel time spent in this place.
 C = Inter-level travel time spent in this place.
 D = Time resting spent in this place.
 E = Time spent auto-exploring this place.
 F = Levels seen in this place.
 G = Mean time per level.
                   A        B        C        D        E       F      G
               +--------+--------+--------+--------+--------+-----+--------+
         Total |   3739 |   3448 |    291 |   1925 |      0 |   1 | 3739.0 |
       Dungeon |   3739 |   3448 |    291 |   1925 |      0 |   1 | 3739.0 |
               +--------+--------+--------+--------+--------+-----+--------+

Top non-repeatable levels by time:
       D: 3739 daAuts
